 Dungeon Crawl Stone Soup version 0.31-a0-210-gccc998df9b (webtiles) character file.

Game seed: 6560638169603538689

135 tsouns the Shield-Bearer (level 4, -4/41 HPs)
             Began as a Minotaur Fighter on June 30, 2023.
             Was an Initiate of Dithmenos.
             Killed by divine providence
             ... invoked by an orc priest
              (16 damage)
             ... on level 4 of the Dungeon.
             The game lasted 00:04:01 (2085 turns).

tsouns the Shield-Bearer (Minotaur Fighter)         Turns: 2085, Time: 00:04:03

Health: -4/41      AC:  8    Str: 23    XL:     4   Next: 96%
Magic:  3/3        EV:  9    Int:  5    God:    Dithmenos [......]
Gold:   126        SH:  0    Dex:  9    Spells: 3/3 levels left

rFire   . . .        a - +0 war axe
rCold   . . .        c - +0 buckler
rNeg    . . .        b - +0 scale mail
rPois   .            (helmet restricted)
rElec   .            (no cloak)
rCorr   .            (no gloves)
SInv    .            k - +0 pair of boots
Will    .....        (no amulet) Stlth
                     (no ring)
HPRegen 0.26/turn    (no ring)
MPRegen 0.08/turn

%: no passive effects
@: confused, mighty
A: horns 2, retaliatory headbutt
a: Renounce Religion


You were on level 4 of the Dungeon.
You worshipped Dithmenos.
Dithmenos was noncommittal.
You visited 1 branch of the dungeon, and saw 4 of its levels.

You collected 126 gold pieces.

Inventory:

Hand Weapons
 a - a +0 war axe (weapon)
Armour
 b - a +0 scale mail (worn)
 c - a +0 buckler (worn)
 k - a +0 pair of boots (worn)
Jewellery
 e - an amulet of reflection
Scrolls
 g - 3 scrolls of identify {unknown}
 i - a scroll of poison {unknown}
 m - a scroll of enchant weapon {unknown}
 o - a scroll of enchant armour {unknown}
Potions
 f - a potion of degeneration {unknown}
 h - a potion of curing {unknown}
 j - a potion of heal wounds {unknown}
 l - a potion of brilliance {unknown}
 n - a potion of cancellation {unknown}


   Skills:
 + Level 4.4 Fighting
 * Level 4.3 Axes
 + Level 4.4 Armour
 + Level 4.5 Shields


You had 3 spell levels left.
You didn't know any spells.
Your spell library contained the following spells:

 Spells                   Type           Power      Damage    Failure   Level
 Sandblast                Erth           0%         2d4       83%         1
 Lesser Beckoning         Tloc           0%         N/A       93%         2
 Passwall                 Tmut/Erth      0%         N/A       93%         2
 Gell's Gravitas          Tloc           0%         N/A       99%         3
 Stone Arrow              Conj/Erth      0%         3d7       99%         3
 Teleport Other           Tloc           0%         N/A       99%         3


Dungeon Overview and Level Annotations

Branches:
Dungeon (4/15)
 Temple: D:4-7

Altars:
Dithmenos


Innate Abilities, Weirdness & Mutations

You have a pair of horns on your head.
You reflexively headbutt those who attack you in melee.


Message History

You are confused.
You are too confused!
You are too confused!
You are too confused!
You are too confused!
You are too confused!
You are too confused!
You are too confused!
You are too confused!
You are too confused!
You are too confused!
You are too confused!
You are too confused!
You are too confused!
You are too confused!
You are too confused!
You are too confused!
You are too confused!
Unknown command.
You closely miss the orc wizard.
A jackal comes into view.
The orc wizard casts a spell at you. The puff of flame hits you.
The orc attacks as you move away! The orc barely misses you.
The orc wizard hits you but does no damage.
You're too confused to move!
The orc hits you with a +0 war axe!
The orc priest hits you from afar with a +0 trident.
The orc wizard points at you and mumbles some strange words.
The magic dart hits you.
You're too confused to move!
The orc hits you with a +0 war axe!
The orc wizard hits you with a +0 dagger.
The orc priest miscasts a cantrip.
You feel very mighty all of a sudden. The orc hits you with a +0 war axe.
The orc wizard gestures at you while chanting.
The magic dart hits you.
* * * LOW HITPOINT WARNING * * *
The orc priest calls down the wrath of Beogh upon you.
Beogh smites you!
You die...

.# #.# #.# #.#
######:#
#...##.#######
#@............
#oo).......#
...h.o..###.###.#
#..###.## #.###.#
# #.# #.....# #.#
#####.## #.#
##)..###
#.######......####
......<....###.#..


You could see an orc priest, an orc wizard and an orc.

Vanquished Creatures
  Jessica (D:2)
  4 adders (D:3)
  2 dart slugs (D:1)
  6 orcs
  3 endoplasms
  2 giant cockroaches
  6 goblins
  2 hobgoblins (D:2)
  5 jackals
  8 kobolds
  A quokka (D:1)
  7 ball pythons
  4 bats
  6 frilled lizards
  4 rats
61 creatures vanquished.

Notes
Turn   | Place    | Note
-------+----------+-------------------------------------------
     0 | D:1      | tsouns the Minotaur Fighter began the quest for the Orb.
     0 | D:1      | Reached XP level 1. HP: 19/19 MP: 0/0
    68 | D:1      | Reached XP level 2. HP: 27/27 MP: 1/1
   299 | D:1      | Reached XP level 3. HP: 33/33 MP: 2/2
   877 | D:2      | Noticed Jessica
   879 | D:2      | Killed Jessica
  1234 | D:2      | Reached XP level 4. HP: 36/40 MP: 3/3
  1592 | D:3      | Found a shadowy altar of Dithmenos.
  1988 | D:3      | Became a worshipper of Dithmenos the Shadowed
  2085 | D:4      | Killed from afar by an orc priest

Illustrated notes

Levels and vault maps discovered:
D:1:      minmay_arrival_diagonal_passages, layout_basic
D:2:      layout_basic, guppyfry_early_orc_mine, uniq_jessica
D:3:      layout_basic, grunt_dithmenos_smoke
D:4:      layout_loops_ring, hellmonk_ghost_happy_afterlife

Skill      XL: |  1  2  3  4 |
---------------+-------------+-----
Axes           | 3 4 |  4.3
Armour         | 4 |  4.4
Shields        | 4 |  4.5
Fighting       | 4 |  4.4

Action                     |  1- 3 |  4- 6 || total
---------------------------+-------+-------++-------
  Melee: War axe           |    57 |    39 ||    96
         Headbutt          |     9 |     7 ||    16
    Use: Potion            |       |     1 ||     1
 Armour: Scale mail        |    29 |    17 ||    46
  Dodge: Dodged            |    27 |    27 ||    54
  Block: Buckler           |    14 |    11 ||    25

Table legend: (Time is in decaauts)
 A = Elapsed time spent in this place.
 B = Non-inter-level travel time spent in this place.
 C = Inter-level travel time spent in this place.
 D = Time resting spent in this place.
 E = Time spent auto-exploring this place.
 F = Levels seen in this place.
 G = Mean time per level.
                   A        B        C        D        E       F      G
               +--------+--------+--------+--------+--------+-----+--------+
         Total |   2118 |   1990 |    128 |      0 |   1657 |   4 |  529.5 |
       Dungeon |   2118 |   1990 |    128 |      0 |   1657 |   4 |  529.5 |
               +--------+--------+--------+--------+--------+-----+--------+

Top non-repeatable levels by time:
     D:1: 789 daAuts
     D:2: 658 daAuts
     D:3: 579 daAuts
     D:4: 91 daAuts
